 Dungeon Crawl Stone Soup version 0.17-a0-1621-gfc7a675 (webtiles) character file.

103 Oddball22 the Digger (level 4, 0/24 HPs)
             Began as a Gargoyle Earth Elementalist on Aug 2, 2015.
             Killed from afar by an orc wizard (12 damage)
             ... with a magic dart
             ... on level 3 of the Dungeon.
             The game lasted 00:06:40 (2313 turns).

Oddball22 the Digger (Gargoyle Earth Elementalist)  Turns: 2313, Time: 00:06:42

Health: 0/24       AC:  5    Str: 18    XL:     4   Next: 79%
Magic:  1/8        EV: 12    Int: 15    God:
Gold:   103        SH:  0    Dex: 10    Spells: 3 memorised, 2 levels left

rFire  . . .     SeeInvis .     f - +0 whip
rCold  . . .     Clarity  .     b - +0 robe
rNeg   + . .     SustAt   +     (no shield)
rPois  ∞         Gourm    .     (no helmet)
rElec  +         Spirit   .     (no cloak)
rCorr  .         Warding  .     (no gloves)
rMut   .         Stasis   .     (no boots)
MR     .....                    (no amulet)
Stlth  ++........               k - +5 ring of strength
                                g - ring of sustain attributes (curse)

@: not resistant to hostile enchantments, unstealthy
A: negative energy resistance 1, electricity resistance, unbreathing,
petrification resistance, rot immunity, AC +3
a: no special abilities


You were on level 3 of the Dungeon.
You were not hungry.

You visited 1 branch of the dungeon, and saw 4 of its levels.

You collected 103 gold pieces.

Inventory:

Hand weapons
 f - a +0 whip (weapon)
Missiles
 a - 144 stones (quivered)
 h - 25 bolts
Armour
 b - a +0 robe (worn)
Jewellery
 g - a cursed ring of sustain attributes (left hand)
 k - a +5 ring of strength (right hand)
 m - an uncursed ring of fire
Scrolls
 e - 3 scrolls of identify
 j - a scroll of enchant weapon {unknown}
 n - 3 scrolls of fog {unknown}
 o - a scroll of remove curse {unknown}
 p - a scroll of random uselessness {unknown}
 r - a scroll of enchant armour {unknown}
 t - a scroll of recharging {unknown}
Potions
 i - 2 potions of heal wounds
 l - a potion of invisibility {unknown}
 u - a potion of experience {unknown}
Books
 c - a book of Geomancy

   Spells                             Type                      Level
   a - Sandblast                      Earth                        1
   b - Stoneskin                      Transmutation/Earth          2
   c - Passwall                       Transmutation/Earth          3
   d - Stone Arrow                    Conjuration/Earth            3
   e - Petrify                        Transmutation/Earth          4
   f - Lee's Rapid Deconstruction     Earth                        5
Comestibles
 d - a bread ration
 q - a beef jerky
 s - 6 chunks of flesh


   Skills:
 + Level 1.6 Armour
 - Level 1.5 Dodging
 - Level 2.1 Stealth
 + Level 2.7 Spellcasting
 + Level 1.3 Transmutations
 * Level 5.1 Earth Magic


You had 2 spell levels left.
You knew the following spells:

 Your Spells              Type           Power        Failure   Level  Hunger
a - Sandblast             Erth           ###...       2%          1    #......
b - Stoneskin             Trmt/Erth      ##......     12%         2    ##.....
c - Passwall              Trmt/Erth      ##........   21%         3    ###....


Dungeon Overview and Level Annotations

Branches:
Dungeon (4/15)
 Temple: D:4-7

Altars:
Ashenzari
Qazlal
Trog
Yredelemnul


Innate Abilities, Weirdness & Mutations

You are resistant to torment.
Your stone body is resilient (AC +3).
You are immune to poison.
You resist negative energy.
You are resistant to electric shocks.
You can survive without breathing.
You are immune to petrification.
You are immune to rotting.


Message History

The orc wizard hits you but does no damage.
Press: ? - help, v - describe, . - travel
Here: an orc wizard, wielding a dagger and wearing a robe (heavily wounded, fast)
The floor.
You closely miss the orc wizard.
The orc wizard is heavily wounded.
The orc wizard gestures at you while chanting.
The puff of flame hits you! The bat barely misses you.
The orc wizard misses you.
You hit the orc wizard but do no damage.
The orc wizard is heavily wounded.
The bat barely misses you. x2
The orc wizard misses you.
You closely miss the orc wizard.
The orc wizard is heavily wounded.
The bat barely misses you. The bat hits you but does no damage.
The orc wizard points at you and mumbles some strange words.
The magic dart hits you!
Ouch! That really hurt!
You die...

##...## #........>...
#.###.#####.#####)###
#.# #.............##.
##.###.#####......÷...
#.....############....
#.##..................
#.##(.################
#.##<.## # #.##b@.# #
#.##.#o# # ##.##.#.#
##...#.#.# ####
##......#.###.....
#...............#
#..........##S..#
#.#.......## o#
#.##.#...## .o.


You could see an orc wizard and a bat.

Vanquished Creatures
  A giant frog skeleton (D:4)
  2 adders
  An ooze (D:3)
  A giant gecko (D:1)
  3 orcs (D:4)
  A ball python (D:3)
  6 goblins
  5 hobgoblins
  7 bats
  4 giant cockroaches
  4 giant newts
  6 kobolds
  8 rats
49 creatures vanquished.

Notes
Turn   | Place    | Note
--------------------------------------------------------------
     0 | D:1      | Oddball22 the Gargoyle Earth Elementalist began the quest for the Orb.
     0 | D:1      | Reached XP level 1. HP: 10/10 MP: 3/3
   216 | D:1      | Reached skill level 4 in Earth Magic
   359 | D:1      | Reached XP level 2. HP: 15/15 MP: 3/5
   884 | D:1      | Reached XP level 3. HP: 16/19 MP: 2/6
   911 | D:1      | Reached skill level 1 in Armour
  1088 | D:1      | Learned a level 2 spell: Stoneskin
  1092 | D:1      | Learned a level 3 spell: Passwall
  1584 | D:2      | You fall through a shaft for 2 floors!
  1667 | D:4      | Found a shattered altar of Ashenzari.
  1671 | D:4      | Found a bloodstained altar of Trog.
  1677 | D:4      | Found a basalt altar of Yredelemnul.
  1837 | D:4      | Reached skill level 1 in Transmutations
  1837 | D:4      | Reached XP level 4. HP: 12/24 MP: 1/8
  1993 | D:4      | Noticed a phantom
  2019 | D:3      | Reached skill level 5 in Earth Magic
  2124 | D:3      | Found a stormy altar of Qazlal.
  2275 | D:3      | Found a bloodstained altar of Trog.
  2313 | D:3      | Killed from afar by an orc wizard

Vault maps used:
D:1:      eino_arrival_druids_welcome
D:2:      kennysheep_the_goblin_king
D:3:      zin_treasury, gammafunk_temple_overflow_forgotten, first_bread,
          trog_three_pillars_becter, uniq_crazy_yiuf_cottage
D:4:      minmay_overflow_temple_star_quad, nicolae_ru_path_of_blood

Action                   |  1- 3 |  4- 6 || total
-------------------------+-------+-------++-------
Melee: Whip              |    46 |    24 ||    70
 Cast: Sandblast         |    42 |    27 ||    69
  Use: Scroll            |     1 |       ||     1
       Potion            |       |     1 ||     1
 Stab: Sleeping          |     1 |     1 ||     2
  Eat: Chunk             |     3 |     2 ||     5
